 Dungeon Crawl Stone Soup version 0.30-a0-1122-g620db56ad9 (console) character file.

Game seed: 3911017211238836826

15 Banquo the Magician (level 2, -5/22 HPs)
             Began as a Djinni Air Elementalist on Apr 22, 2023.
             Slain by Sigmund
             ... wielding a +0 scythe
              (6 damage)
             ... on level 2 of the Dungeon.
             The game lasted 00:00:53 (475 turns).

Banquo the Magician (Djinni Air Elementalist)        Turns: 475, Time: 00:00:54

Health: -5/22      AC:  1    Str: 11    XL:     2   Next: 65%
Gold:   6          EV: 12    Int: 15    God:
                   SH:  0    Dex: 12

rFire   + + .        (no weapon)
rCold   x . .        (no shield)
rNeg    . . .        a - +0 robe
rPois   ∞            (no helmet)
rElec   .            (no cloak)
rCorr   .            (no gloves)
SInv    .            (boots unavailable)
Will    .....        (no amulet)
Stlth   ++           (no ring)
HPRegen 0.23/turn    (no ring)
MPRegen 0.00/turn

%: infuse magic (-6 HP)
@: flying
A: sickness immunity, fire resistance 2, cold vulnerability 1, float, innate
caster, HP casting, extra vitality 1, deformed body, deterioration 1, strong 1
a: no special abilities


You were on level 2 of the Dungeon.
You visited 1 branch of the dungeon, and saw 2 of its levels.

You collected 6 gold pieces.

Inventory:

Armour
 a - a +0 robe (worn)
Scrolls
 b - 2 scrolls of teleportation {unknown}
 c - a scroll of identify {unknown}
Potions
 e - a potion of might {unknown}


   Skills:
 * Level 0.8 Fighting
 - Level 2.1 Dodging
 - Level 1.5 Stealth
 + Level 2.9 Spellcasting


You knew the following spells:

 Your Spells              Type           Power      Damage    Failure   Level
a - Shock                 Conj/Air       40%        1d5       6%          1
b - Static Discharge      Conj/Air       20%        2-3/arc   10%         2
c - Swiftness             Air            10%        N/A       19%         3
d - Airstrike             Air            5%         2d(1-17)  52%         4
Your spell library was empty.

Dungeon Overview and Level Annotations

Branches:
Dungeon (1/15)

Altars:

Annotations:
D:2 Sigmund


Innate Abilities, Weirdness & Mutations

You are immune to sickness and miasma.
You are immune to poison.
Your flesh is very heat resistant. (rF++)
You are vulnerable to cold. (rC-)
You float through the air rather than walking.
You learn spells naturally, not from books.
Your magical power is your life essence.
You have superior vitality. (+4 MHP)
Armour fits poorly on your strangely shaped body.
Your body sometimes deteriorates upon taking damage.
Your muscles are strong. (Str +4, Int/Dex -1)


Message History

You see here a +0 robe.
Sigmund the Dreaded comes into view.
He is wielding a +0 scythe.
Sigmund shouts!
Sigmund barely misses you.
Unknown command.
Casting: Shock (safe; 6% risk of failure)
Confirm with . or Enter, or press ? or * to list all spells.
Aiming: Shock (safe; 6% risk of failure)
Press: ? - help, Shift-Dir - straight line The zap hits Sigmund but does no damage.
The zap hits Sigmund.
Sigmund is lightly wounded.
Sigmund hits you from afar with a +0 scythe!
Unknown command.
Casting: Shock (safe; 6% risk of failure)
Confirm with . or Enter, or press ? or * to list all spells.
Aiming: Shock (safe; 6% risk of failure)
Press: ? - help, Shift-Dir - straight line The zap hits Sigmund.
Sigmund is lightly wounded.
The zap misses Sigmund.
Sigmund hits you from afar with a +0 scythe!
Ouch! That really hurt!
* * * LOW HITPOINT WARNING * * *
Casting: Shock (safe; 6% risk of failure)
Confirm with . or Enter, or press ? or * to list all spells.
Aiming: Shock (safe; 6% risk of failure)
Press: ? - help, Shift-Dir - straight line The zap hits Sigmund.
Sigmund is lightly wounded.
The zap misses Sigmund.
* * * LOW HITPOINT WARNING * * *
Casting: Shock (safe; 6% risk of failure)
Confirm with . or Enter, or press ? or * to list all spells.
You don't have enough health to cast this spell.
It was a potion of mutation.
You feel extremely strange.
You feel stronger.
You feel yourself wasting away.
Your body twists and deforms.
Sigmund hits you from afar with a +0 scythe.
You die...

#.# #.....# #.#
#.....##. #.#
#....... #.# #.....#
####.#####.....##
#....†..##..@...#
#.##.##.##.# .# #
#..##.##@####.####
#.###.#...@.......
#.#.###.#.......####
#...........:...#
###.###.......#.#
#.......[...#.#
#######.......#
#...##### #####


You could see Sigmund.

Vanquished Creatures
  An adder (D:2)
  A bat (D:1)
  A goblin (D:1)
  2 hobgoblins (D:1)
  A rat (D:1)
6 creatures vanquished.

Notes
Turn   | Place    | Note
-------+----------+-------------------------------------------
     0 | D:1      | Banquo the Djinni Air Elementalist began the quest for the
                  | Orb.
     0 | D:1      | Banquo set off with the following spells memorised: Shock,
                  | Static Discharge, Swiftness, Airstrike.
     0 | D:1      | Reached XP level 1. HP: 15/15 MP: 0/0
   336 | D:1      | Reached XP level 2. HP: 17/22 MP: 0/0
   368 | D:1      | You are sucked into a shaft and drop 1 floor!
   467 | D:2      | Noticed Sigmund
   475 | D:2      | Gained mutation: Your muscles are strong. (Str +4, Int/Dex
                  | -1) [potion of mutation]
   475 | D:2      | Gained mutation: Your body sometimes deteriorates upon
                  | taking damage. [potion of mutation]
   475 | D:2      | Gained mutation: Armour fits poorly on your strangely
                  | shaped body. [potion of mutation]
   475 | D:2      | Slain by Sigmund

Illustrated notes

Levels and vault maps discovered:
D:1:      dpeg_arrival_three_smaller_balls, layout_basic, roderic_lattice_a,
          nrook_uturn
D:2:      layout_loops_cross, basic_altar, uniq_sigmund, uniq_jessica

Action                     || total
---------------------------++-------
   Cast: Shock             ||    23
    Use: Potion            ||     1
 Armour: Robe              ||     1
  Dodge: Dodged            ||     4

Table legend: (Time is in decaauts)
 A = Elapsed time spent in this place.
 B = Non-inter-level travel time spent in this place.
 C = Inter-level travel time spent in this place.
 D = Time resting spent in this place.
 E = Time spent auto-exploring this place.
 F = Levels seen in this place.
 G = Mean time per level.
                   A        B        C        D        E       F      G
               +--------+--------+--------+--------+--------+-----+--------+
         Total |    474 |    474 |      0 |     71 |    359 |   2 |  237.0 |
       Dungeon |    474 |    474 |      0 |     71 |    359 |   2 |  237.0 |
               +--------+--------+--------+--------+--------+-----+--------+

Top non-repeatable levels by time:
     D:1: 368 daAuts
     D:2: 106 daAuts
